 Dungeon Crawl Stone Soup version 0.31-a0-358-gac0dbeb3ab (webtiles) character file.

Game seed: 9905329873891317706

1057 bobarctor the Grave Robber (level 8, -7/52 HPs)
             Began as a Demonspawn Necromancer on July 26, 2023.
             Mangled by an ogre
             ... wielding a +0 giant club
              (27 damage)
             ... on level 5 of the Dungeon.
             The game lasted 00:29:33 (6473 turns).

bobarctor the Grave Robber (Demonspawn Necromancer) Turns: 6473, Time: 00:29:34

Health: -7/52      AC:  5    Str:  8    XL:     8   Next: 6%
Magic:  8/17       EV: 13    Int: 18    God:
Gold:   256        SH:  0    Dex: 17    Spells: 4/19 levels left

rFire   . . .        e - +0 short sword
rCold   + . .        (no shield)
rNeg    . . .        a - +0 robe
rPois   .            (helmet restricted)
rElec   .            (no cloak)
rCorr   .            j - +2 pair of gloves
SInv    .            (no boots)
Will    +....        (no amulet)
Stlth   +++          s - ring of willpower
HPRegen 0.28/turn    c - ring of protection from cold
MPRegen 0.15/turn

%: no passive effects
@: mighty
A: horns 2, thin skeletal structure 1, powered by pain 1
a: no special abilities


You were on level 5 of the Dungeon.
You visited 1 branch of the dungeon, and saw 6 of its levels.
You also visited: Sewer.

You collected 256 gold pieces.

Inventory:

Hand Weapons
 e - a +0 short sword (weapon)
 E - a +0 orcbow
Missiles
 f - 58 stones
 o - 5 poisoned darts
 q - 3 atropa-tipped darts
Armour
 a - a +0 robe (worn)
 j - a +2 pair of gloves (worn)
 n - the +0 ring mail "Ekhloa Palaw" {Str+3 Int+3 Slay+2}
   (You found it on level 2 of the Dungeon)

   Str:       It affects your strength (+3).
   Int:       It affects your intelligence (+3).
   Slay:      It affects your accuracy & damage with ranged weapons and melee
   (+2).
Magical Staves
 p - a staff of air
 y - a staff of cold
Jewellery
 c - a ring of protection from cold (right hand)
 s - a ring of willpower (left hand)
Talismans
 d - a beast talisman
 D - a maw talisman
Wands
 v - a wand of paralysis (15)
 A - a wand of roots (19)
Scrolls
 g - a scroll of amnesia
 h - 3 scrolls of blinking
 m - 2 scrolls of teleportation
 z - 3 scrolls of enchant armour
 B - 2 scrolls of acquirement
Potions
 b - a potion of magic
 k - 2 potions of attraction
 l - 2 potions of enlightenment
 t - 2 potions of curing
 u - a potion of haste {unknown}
 x - 2 potions of lignification


   Skills:
 * Level 2.4 Armour
 + Level 2.6 Dodging
 + Level 2.1 Stealth
 * Level 6.0 Spellcasting
 + Level 7.2 Necromancy
 * Level 1.9 Air Magic


You had 4 spell levels left.
You knew the following spells:

 Your Spells              Type           Power      Damage    Failure   Level
a - Necrotise             Necr           100%       1d9       1%          1
b - Vampiric Draining     Necr           31%        2d8       1%          3
c - Swiftness             Air            12%        N/A       16%         3
d - Summon Small Mammal   Summ           20%        N/A       12%         1
e - Agony                 Necr           31%        N/A       17%         5
f - Ensorcelled Hibernat  Hex/Ice        10%        N/A       19%         2

Your spell library contained the following spells:

 Spells                   Type           Power      Damage    Failure   Level
 Animate Dead             Necr           31%        N/A       6%          4
 Passwall                 Tmut/Erth      4%         N/A       19%         2
 Call Canine Familiar     Summ           5%         N/A       34%         3
 Summon Guardian Golem    Hex/Summ       5%         N/A       34%         3
 Leda's Liquefaction      Hex/Erth       2%         N/A       75%         4
 Lee's Rapid Deconstruct  Erth           2%         3d5*      97%         5
 Leda's Unmaking          Conj/Erth      2%         9d1       100%        6


Dungeon Overview and Level Annotations

Branches:
Dungeon (6/15)              Sewer (visited)
 Temple: D:4-7

Altars:
Gozag

Annotations:
D:6 Menkaure


Innate Abilities, Weirdness & Mutations

You have a pair of horns on your head.
You have a somewhat thin skeletal structure. (Dex +2, Stealth+)
You sometimes gain a little power by taking damage.


Message History

The ogre hits you with a +0 giant club!!
You focus on the pain.
You feel very mighty all of a sudden. The water moccasin misses you.
You hear an angry hiss.
You climb upwards.
Your iguana skeleton crumbles into dust!
There is a stone staircase leading down here.
Casting: Necrotise (safe; 1% risk of failure)
Confirm with . or Enter, or press ? or * to list all spells.
Aiming: Vampiric Draining (safe; 1% risk of failure)
Press: ? - help, Shift-Dir - straight line, f - water moccasin
Aim: a water moccasin You draw life force from the water moccasin!
You feel life coursing into your body. The water moccasin closely misses you.
The ogre hits you with a +0 giant club!!
Ouch! That really hurt!
* * * LOW HITPOINT WARNING * * *
You focus on the pain.
You feel mightier all of a sudden.
Casting: Vampiric Draining (safe; 1% risk of failure)
Confirm with . or Enter, or press ? or * to list all spells.
Aiming: Vampiric Draining (safe; 1% risk of failure)
Press: ? - help, Shift-Dir - straight line, f/p - water moccasin
Aim: a water moccasin (moderately wounded)
You draw life force from the water moccasin!
You feel life coursing into your body!
The water moccasin bites you but does no damage.
Unknown command.
Casting: Vampiric Draining (safe; 1% risk of failure)
Confirm with . or Enter, or press ? or * to list all spells.
Aiming: Vampiric Draining (safe; 1% risk of failure)
Press: ? - help, Shift-Dir - straight line, f/p - water moccasin
Aim: a water moccasin (severely wounded)
You draw life force from the water moccasin!
You feel life coursing into your body.
The water moccasin bites you but does no damage.
The ogre hits you with a +0 giant club!!
Ouch! That really hurt!
You die...

############
#....S@O...#
#..........#
#..##.###.#############
#..##.###..............
#..#.......#...........
#..#.......#...........
#..#.......#...........
#..#.......#...........
#..#.......#...........


You could see a water moccasin and an ogre.

Vanquished Creatures
  A black bear (D:5)
  2 ogres
  A phantom (D:4)
  2 bullfrogs (Sewer)
  2 scorpions (D:5)
  A jelly (D:5)
  2 hounds (D:5)
  A gnoll bouda (D:3)
  An iguana (D:5)
  An orc wizard (D:4)
  7 gnolls
  9 adders
  2 dart slugs
  7 orcs
  5 bats
  14 endoplasms
  15 giant cockroaches
  7 goblins
  6 hobgoblins
  7 jackals
  6 kobolds
  11 quokkas
  18 ball pythons
  12 frilled lizards
  8 rats
148 creatures vanquished.

Vanquished Creatures (collateral kills)
  A gnoll (D:4)
  A worm (D:3)
  An orc (D:5)
  3 ball pythons (Sewer)
  An endoplasm (Sewer)
  3 giant cockroaches (Sewer)
  2 frilled lizards (Sewer)
12 creatures vanquished.

Grand Total: 160 creatures vanquished

Notes
Turn   | Place    | Note
-------+----------+-------------------------------------------
     0 | D:1      | bobarctor the Demonspawn Necromancer began the quest for
                  | the Orb.
     0 | D:1      | Reached XP level 1. HP: 13/13 MP: 3/3
   244 | D:1      | Gained mutation: You have a pair of small horns on your
                  | head. [demonic ancestry]
   244 | D:1      | Reached XP level 2. HP: 19/19 MP: 1/5
   294 | D:1      | Found a faded altar of an unknown god.
   756 | D:1      | Reached skill level 5 in Necromancy
   932 | D:1      | Gained mutation: You have a somewhat thin skeletal
                  | structure. (Dex +2, Stealth+) [demonic ancestry]
   932 | D:1      | Reached XP level 3. HP: 24/24 MP: 0/6
  1049 | D:1      | Learned a level 3 spell: Vampiric Draining
  1461 | D:2      | Identified the +0 ring mail "Ekhloa Palaw" {Str+3 Int+3
                  | Slay+2}
  1674 | D:2      | Reached XP level 4. HP: 30/30 MP: 4/8
  2075 | D:3      | Found a glowing drain.
  2132 | Sewer    | Entered a sewer
  2478 | Sewer    | Gained mutation: You have a pair of horns on your head.
                  | [demonic ancestry]
  2478 | Sewer    | Reached XP level 5. HP: 35/35 MP: 8/10
  2559 | Sewer    | Learned a level 3 spell: Swiftness
  2572 | Sewer    | Reached skill level 6 in Necromancy
  2868 | Sewer    | Reached skill level 1 in Air Magic
  2868 | Sewer    | Reached XP level 6. HP: 35/41 MP: 5/12
  2950 | Sewer    | Learned a level 1 spell: Summon Small Mammal
  3135 | D:3      | Found an opulent altar of Gozag.
  4012 | D:4      | Reached skill level 1 in Armour
  4391 | D:4      | Gained mutation: You sometimes gain a little power by
                  | taking damage. [demonic ancestry]
  4391 | D:4      | Reached XP level 7. HP: 37/46 MP: 0/14
  4905 | D:5      | Entered Level 5 of the Dungeon
  4932 | D:5      | Reached skill level 5 in Spellcasting
  5050 | D:5      | Learned a level 5 spell: Agony
  5053 | D:5      | Learned a level 2 spell: Ensorcelled Hibernation
  5246 | D:4      | Reached skill level 7 in Necromancy
  5677 | D:5      | Reached XP level 8. HP: 52/52 MP: 13/17
  6364 | D:6      | Identified 3 scrolls of acquirement
  6364 | D:6      | Acquired 1003 gold pieces
  6469 | D:6      | Noticed Menkaure
  6473 | D:5      | Mangled by an ogre

Illustrated notes

Levels and vault maps discovered:
D:1:      heliophobic_arrival_henge, layout_basic, basic_ecumenical_altar
D:2:      layout_loops_ring
D:3:      layout_basic, nicolae_gozag_seed_capital, gup_sewer_entry_glass,
          hangedman_glass_teeth
D:4:      dreamdust_elfheim, layout_rooms
D:5:      layout_gridville
D:6:      nicolae_BIG_FREAKIN_CUBE, layout_cave_pools,
          mainiacjoe_overflow_alcove_4, grunt_nemelex_the_gamble,
          mainiacjoe_overflow_divided_tiny, fedhas_altar_4, enter_ossuary_5,
          uniq_menkaure, uniq_pikel

Skill      XL: |  1  2  3  4  5  6  7 |
---------------+----------------------+-----
Necromancy     | 5 6 7 |  7.2
Spellcasting   | 3 4 6 |  6.0
Air Magic      | 1 |  1.9
Armour         | 1 2 |  2.4
Stealth        | 2 |  2.1
Dodging        | 2 |  2.6

Action                     |  1- 3 |  4- 6 |  7- 9 || total
---------------------------+-------+-------+-------++-------
  Melee: Short sword       |    33 |    11 |    36 ||    80
         Punch             |     1 |       |     2 ||     3
         Headbutt          |     4 |     5 |     5 ||    14
         Staff             |       |     3 |    11 ||    14
  Throw: Stone             |       |     1 |       ||     1
   Cast: Necrotise         |    70 |   159 |    52 ||   281
         Vampiric Draining |       |     2 |    11 ||    13
         Summon Small Mamm |       |     1 |     1 ||     2
         Swiftness         |       |       |     1 ||     1
    Use: Scroll            |       |       |    12 ||    12
   Stab: Sleeping          |     1 |     1 |       ||     2
         Distracted        |       |     1 |       ||     1
 Armour: Robe              |     6 |     2 |    24 ||    32
         Ring mail         |     5 |    11 |       ||    16
  Dodge: Dodged            |    29 |    31 |    59 ||   119

Table legend: (Time is in decaauts)
 A = Elapsed time spent in this place.
 B = Non-inter-level travel time spent in this place.
 C = Inter-level travel time spent in this place.
 D = Time resting spent in this place.
 E = Time spent auto-exploring this place.
 F = Levels seen in this place.
 G = Mean time per level.
                   A        B        C        D        E       F      G
               +--------+--------+--------+--------+--------+-----+--------+
         Total |   6601 |   6387 |    214 |   1312 |   3700 |   7 |  943.0 |
       Dungeon |   5533 |   5319 |    214 |    862 |   3537 |   6 |  922.2 |
         Sewer |   1067 |   1067 |      0 |    450 |    163 |   1 | 1067.0 |
               +--------+--------+--------+--------+--------+-----+--------+

Top non-repeatable levels by time:
     D:5: 1388 daAuts
     D:1: 1298 daAuts
   Sewer: 1067 daAuts
     D:4: 1059 daAuts
     D:3: 950 daAuts
     D:2: 775 daAuts
     D:6: 61 daAuts
